 Dungeon Crawl Stone Soup version 0.28-a0-1387-g3a22ab9bdc (webtiles) character file.

Game seed: 17578749939389852853

218 croobank the Chopper (level 5, -5/46 HPs)
             Began as a Hill Orc Gladiator on Jan 2, 2022.
             Slain by Urgle's ghost (14 damage)
             ... on level 3 of the Dungeon on Jan 3, 2022.
             The game lasted 00:11:25 (3261 turns).

croobank the Chopper (Hill Orc Gladiator)           Turns: 3261, Time: 00:11:26

Health: -5/46      AC:  5    Str: 17    XL:     5   Next: 95%
Magic:  5/5        EV: 12    Int: 10    God:
Gold:   88         SH:  0    Dex: 12    Spells: 4/4 levels left

rFire   . . .      SeeInvis .   a - +0 war axe
rCold   . . .      Faith    .   (no shield)
rNeg    . . .      Spirit   .   s - +0 leather armour
rPois   .          Reflect  .   c - +0 helmet
rElec   .          Harm     .   f - +0 cloak
rCorr   .          Rampage  .   (no gloves)
Will    .....                   (no boots)
Stlth   +.........              (no amulet)
HPRegen 0.15/turn               (no ring)
MPRegen 0.09/turn               (no ring)

@: about to teleport
A: no striking features
a: no special abilities


You were on level 3 of the Dungeon.
You visited 1 branch of the dungeon, and saw 4 of its levels.

You collected 88 gold pieces.

Inventory:

Hand Weapons
 a - a +0 war axe (weapon)
 b - a +0 hunting sling
 p - a +3 vampiric whip
Missiles
 d - 2 throwing nets
 i - 66 stones
 j - 5 boomerangs (quivered)
 l - 59 arrows
 r - 23 sling bullets
Armour
 c - a +0 helmet (worn)
 f - a +0 cloak (worn)
 g - a +0 plate armour
 k - a +0 ring mail
 q - a +0 buckler
 s - a +0 leather armour (worn)
Wands
 o - a wand of iceblast (11)
Scrolls
 e - a scroll of magic mapping
 u - a scroll of fog


   Skills:
 - Level 3.9 Fighting
 + Level 5.6 Axes
 - Level 2.9 Throwing
 - Level 3.2 Dodging
 + Level 1.3 Shields


You had 4 spell levels left.
You didn't know any spells.
Your spell library contained the following spells:

 Spells                   Type           Power      Damage    Failure   Level
 Blink                    Tloc           0%         N/A       56%         2
 Manifold Assault         Tloc           0%         N/A       100%        5
 Storm Form               Tmut/Air       0%         N/A       100%        7


Dungeon Overview and Level Annotations

Branches:
Dungeon (4/15)
 Temple: D:4-7

Altars:

Annotations:
D:3 Urgle's ghost, amateur GnFi


Message History

Your gnoll barely misses Urgle's ghost.
You closely miss Urgle's ghost.
Urgle's ghost is lightly damaged.
Your gnoll closely misses Urgle's ghost.
Urgle's ghost hits you.
Your gnoll hits Urgle's ghost with a +0 whip.
Your hobgoblin hits Urgle's ghost.
Your gnoll barely misses Urgle's ghost.
You hit Urgle's ghost but do no damage.
Urgle's ghost is lightly damaged.
Urgle's ghost hits you!
Your gnoll barely misses Urgle's ghost.
Your hobgoblin barely misses Urgle's ghost.
Your gnoll barely misses Urgle's ghost.
You miss Urgle's ghost.
Urgle's ghost is lightly damaged.
Urgle's ghost hits you!
Your gnoll closely misses Urgle's ghost.
Your hobgoblin closely misses Urgle's ghost.
Your gnoll hits Urgle's ghost but does no damage.
You barely miss Urgle's ghost.
Urgle's ghost is lightly damaged.
Urgle's ghost hits you!
* * * LOW HITPOINT WARNING * * *
Your gnoll hits Urgle's ghost with a +0 whip.
Your hobgoblin hits Urgle's ghost but does no damage.
Your gnoll misses Urgle's ghost. Urgle's ghost barely misses you.
Your gnoll dissolves into shadows!
Your hobgoblin hits Urgle's ghost.
Your gnoll completely misses Urgle's ghost.
Your gnoll barely misses Urgle's ghost.
There is a stone staircase leading down, spattered with blood here.
You aren't carrying any potions.
As you read the scroll of teleportation, it crumbles to dust.
You feel strangely unstable.
Your gnoll misses Urgle's ghost. Urgle's ghost misses you.
You slash Urgle's ghost!
Urgle's ghost is heavily damaged.
Your gnoll closely misses Urgle's ghost.
Your hobgoblin hits Urgle's ghost but does no damage.
Urgle's ghost hits you!
You die...

.........# #..#.....((#
.........####.#..(....#
..........# #.#....(..#
..........# #.#.(....(#
......>...# #.###'''###
..........# ##........#
..........# #..gg....#
###############)W..####
.........###....@###
...........#.#####
...............#
.........#.#.#.#
.........'.#.#.#
.........###.#.#
.............#.#
.........#####.#
####'##'######.#


You could see Urgle's ghost (ally target), a friendly gnoll (summoned) and a
friendly hobgoblin (summoned).

Vanquished Creatures
  A scorpion (D:2)
  A gnoll shaman (D:3)
  4 gnolls
  3 adders
  3 worms
  3 dart slugs
  7 bats
  6 endoplasms (D:1)
  2 giant cockroaches (D:1)
  6 hobgoblins
  2 jackals (D:2)
  6 quokkas
  4 ball pythons
  A goblin (D:4)
  4 kobolds
  5 rats
58 creatures vanquished.

Vanquished Creatures (others)
  A fungus (D:2)
1 creature vanquished.

Grand Total: 59 creatures vanquished

Notes
Turn   | Place    | Note
-------+----------+-------------------------------------------
     0 | D:1      | croobank the Hill Orc Gladiator began the quest for the
                  | Orb.
     0 | D:1      | Reached XP level 1. HP: 18/18 MP: 1/1
   195 | D:1      | Reached XP level 2. HP: 23/25 MP: 2/2
   328 | D:1      | Reached XP level 3. HP: 28/31 MP: 3/3
  1004 | D:2      | Reached XP level 4. HP: 34/38 MP: 4/4
  1358 | D:2      | Found a faded altar of an unknown god.
  1367 | D:2      | Noticed a scorpion
  1381 | D:2      | Killed a scorpion
  1382 | D:2      | Reached skill level 5 in Axes
  1382 | D:2      | Reached XP level 5. HP: 46/46 MP: 5/5
  2349 | D:3      | Found a runed translucent gate.
  2349 | D:3      | Found a runed translucent gate.
  2349 | D:3      | Found a runed translucent gate.
  2349 | D:3      | Noticed Urgle's ghost (amateur GnFi)
  2977 | D:3      | Reached skill level 1 in Shields
  3261 | D:3      | Slain by Urgle's ghost

Illustrated notes

Levels and vault maps discovered:
D:1:      eino_arrival_cavern_b, layout_loops_ring
D:2:      layout_basic, dreamdust_ecumenical_altar_grove
D:3:      layout_basic, ebering_ghost_rock_garden
D:4:      layout_basic, gammafunk_ghost_cemetery

Skill      XL: |  1  2  3  4  5 |
---------------+----------------+-----
Throwing       | 2 |  2.9
Fighting       | 3 |  3.9
Axes           | 5 |  5.6
Dodging        | 3 |  3.2
Shields        | 1 |  1.3

Action                   |  1- 3 |  4- 6 || total
-------------------------+-------+-------++-------
Melee: War axe           |    85 |    98 ||   183
Throw: Boomerang         |       |     4 ||     4
       Throwing net      |       |     1 ||     1
  Use: Scroll            |       |     7 ||     7
Armor: Leather armour    |    39 |    16 ||    55
Dodge: Dodged            |    70 |    59 ||   129

Table legend: (Time is in decaauts)
 A = Elapsed time spent in this place.
 B = Non-inter-level travel time spent in this place.
 C = Inter-level travel time spent in this place.
 D = Time resting spent in this place.
 E = Time spent auto-exploring this place.
 F = Levels seen in this place.
 G = Mean time per level.
                   A        B        C        D        E       F      G
               +--------+--------+--------+--------+--------+-----+--------+
         Total |   3322 |   3265 |     57 |    971 |   1549 |   4 |  830.5 |
       Dungeon |   3322 |   3265 |     57 |    971 |   1549 |   4 |  830.5 |
               +--------+--------+--------+--------+--------+-----+--------+

Top non-repeatable levels by time:
     D:2: 1211 daAuts
     D:3: 1153 daAuts
     D:1: 948 daAuts
     D:4: 8 daAuts
